 Dungeon Crawl Stone Soup version 0.29-a0-789-g7a8fcbc185 (webtiles) character file.

Game seed: 5849797785013012325

7 zeratav the Shooter (level 1, -2/10 HPs)
             Began as a Spriggan Hunter on July 3, 2022.
             Slain by a gnoll
             ... wielding a +0 spear
              (4 damage)
             ... on level 1 of the Dungeon.
             The game lasted 00:00:12 (299 turns).

zeratav the Shooter (Spriggan Hunter)                Turns: 299, Time: 00:00:13

Health: -2/10      AC:  2    Str:  7    XL:     1   Next: 83%
Magic:  2/2        EV: 17    Int: 10    God:
Gold:   12         SH:  0    Dex: 18    Spells: 0/0 levels left

rFire   . . .      SeeInvis +   a - +0 shortbow {bow}
rCold   . . .      Faith    .   (shield currently unavailable)
rNeg    . . .      Spirit   .   c - +0 robe
rPois   .          Reflect  .   (helmet restricted)
rElec   .          Harm     .   (no cloak)
rCorr   .          Rampage  .   (gloves unavailable)
Will    .....                   (boots unavailable)
Stlth   ++........              (no amulet)
HPRegen 0.03/turn               (no ring)
MPRegen 0.08/turn               (no ring)

@: very quick
A: very small, no large weapons, unfitting armour, see invisible, speed 3
a: no special abilities


You were on level 1 of the Dungeon.
You visited 1 branch of the dungeon, and saw 1 of its levels.

You collected 12 gold pieces.


Innate Abilities, Weirdness & Mutations

You are very small and have problems with some larger weapons.
You are too small for most types of armour.
You have supernaturally acute eyesight. (SInv)
You cover ground extremely quickly. (Speed+++)


   Skills:
 - Level 1.5 Fighting
 + Level 5.3 Ranged Weapons
 - Level 2.6 Dodging
 - Level 1.5 Stealth


You couldn't memorise any spells.
You didn't know any spells.
Your spell library was empty.

Inventory:

Hand Weapons
 a - a +0 shortbow (weapon) {bow}
 e - a +1 spear of venom {polearm}
   (You found it on level 1 of the Dungeon)
Armour
 c - a +0 robe (worn)
Scrolls
 b - a scroll of immolation {!r!r}
 d - 3 scrolls of teleportation {unknown}

Dungeon Overview and Level Annotations

Branches:
Dungeon (1/15) Zot: 5800

Altars:

#.....#.#
#####.#.#
..#.# #######
..#.# #.....#
..#.# #.....#
#.# #.....#
#.# #.....#
#.#
#.....####
#.#
#.@.g.....
#.#
#.#######.
#.###.###
#.###.......#
#.........#.#
###########.#
#


You could see a gnoll.


Message History

The frilled lizard hisses angrily.
You shoot an arrow.
The arrow barely misses the frilled lizard.
You shoot an arrow.
The arrow closely misses the frilled lizard.
The frilled lizard closely misses you.
A frilled lizard is nearby!
A frilled lizard is nearby!
A frilled lizard is nearby!
You shoot an arrow. The arrow hits the frilled lizard!
You kill the frilled lizard!
No target in view!
No target in view!
No target in view!
You open the door.
There is an open door here.
As you open the door, it creaks loudly!
A bat comes into view.
A bat is nearby!
A bat is nearby!
You shoot an arrow. The arrow hits the bat!
You kill the bat!
Your Ranged Weapons skill increases to level 5!
There is an open door here.
You open the door. You open the large door.
A goblin comes into view. It is wielding a +0 dagger.
A goblin is nearby!
A goblin is nearby!
You shoot an arrow. The arrow hits the goblin!
You kill the goblin!
No target in view!
No target in view!
There is a large open door here.
An endoplasm, a rat and a goblin come into view.
There is a large open door here.
There are monsters nearby!
There are monsters nearby!
You shoot an arrow. The arrow barely misses the endoplasm.
The arrow hits the rat!
You kill the rat!
You shoot an arrow. The arrow hits the goblin.
The goblin shouts!
The endoplasm barely misses you.
You shoot an arrow. The arrow hits the endoplasm.
The endoplasm misses you.
You shoot an arrow. The arrow hits the endoplasm.
You kill the endoplasm!
You shoot an arrow.
The arrow hits the goblin but does no damage.
You shoot an arrow. The arrow barely misses the goblin.
You shoot an arrow.
The arrow hits the goblin but does no damage.
The goblin closely misses you. The goblin hits you with a +0 dagger.
You shoot an arrow. The arrow hits the goblin.
You kill the goblin!
HP[-1]
You take 1 damage, and now have 9/10 hp.
No target in view!
No target in view!
No target in view!
No target in view!
No target in view!
No target in view!
No target in view!
No target in view!
No target in view!
No target in view!
No target in view!
Things that are here:
a +0 dagger {short}; a +0 dagger {short}; a goblin corpse HP[+1]
Your hp is fully restored (10).
There is a large open door here.
There is a large open door here.
There is an open door here.
There is an open door here.
You see here a frilled lizard corpse.
There is an open door here.
You open the door.
There is an open door here.
Key pressed, stopping explore.
You now have 12 gold pieces (gained 6).
A gnoll comes into view. It is wielding a +0 spear.
You see here 12 gold pieces.
A gnoll is nearby!
You shoot an arrow.
The arrow hits the gnoll but does no damage.
You shoot an arrow.
The arrow hits the gnoll but does no damage.
You shoot an arrow. The arrow closely misses the gnoll.
You shoot an arrow. The arrow hits the gnoll.
The gnoll misses you.
You shoot an arrow. The arrow barely misses the gnoll.
The gnoll closely misses you.
You shoot an arrow. The arrow hits the gnoll.
The gnoll completely misses you.
You shoot an arrow. The arrow hits the gnoll!
The gnoll hits you from afar with a +0 spear!
Ouch! That really hurt!
* * * LOW HITPOINT WARNING * * *
The gnoll hits you from afar with a +0 spear.
You die...

Skill      XL: |  1 |
---------------+----+-----
Ranged Weapons | 5 |  5.3
Fighting       | |  1.5
Dodging        | |  2.6
Stealth        | |  1.5

Action                   || total
-------------------------++-------
 Fire: Shortbow          ||    21
Dodge: Dodged            ||     7

Levels and vault maps discovered:
D:1:      dpeg_arrival_lava_temple_mockup, layout_basic, minmay_3d_cube

Notes
Turn   | Place    | Note
-------+----------+-------------------------------------------
     0 | D:1      | zeratav the Spriggan Hunter began the quest for the Orb.
     0 | D:1      | Reached XP level 1. HP: 10/10 MP: 2/2
     0 | D:1      | magus.rc [v1.9.6]
   108 | D:1      | Reached skill level 5 in Ranged Weapons
   299 | D:1      | HP: 2/10 [gnoll/+0 spear (8)]
   299 | D:1      | Slain by a gnoll

Vanquished Creatures
  A bat (D:1)
  An endoplasm (D:1)
  A frilled lizard (D:1)
  2 goblins (D:1)
  2 rats (D:1)
7 creatures vanquished.

Table legend:
 A = Non-vault XP
 B = Vault XP
 C = Vault XP percentage of total XP
 D = Non-vault monster count
 E = Vault monster count
 F = Vault count percentage of total count
                 A         B        C        D         E       F
            +---------+---------+-------+---------+---------+-------
      Total |      10 |       0 |   0.0 |       7 |       0 |   0.0
            +---------+---------+-------+---------+---------+-------
        D:1 |      10 |       0 |   0.0 |       7 |       0 |   0.0
            +---------+---------+-------+---------+---------+-------

Illustrated notes

Table legend:
 A = Kills in this place as a percentage of kills in entire the game.
 B = Kills by you in this place as a percentage of kills by you in the entire game.
 C = Kills by friends in this place as a percentage of kills by friends in the entire game.
 D = Other kills in this place as a percentage of other kills in the entire game.
 E = Experience gained in this place as a percentage of experience gained in the entire game.
 F = Experience gained in this place divided by the number of levels of this place that you have seen.
                   A       B       C       D       E      F
               +-------+-------+-------+-------+-------+----------------------
         Total | 100.0 | 100.0 |   N/A |   N/A | 100.0 |  10.0
       Dungeon | 100.0 | 100.0 |   N/A |   N/A | 100.0 |  10.0
               +-------+-------+-------+-------+-------+----------------------

Table legend: (Time is in decaauts)
 A = Elapsed time spent in this place.
 B = Non-inter-level travel time spent in this place.
 C = Inter-level travel time spent in this place.
 D = Time resting spent in this place.
 E = Time spent auto-exploring this place.
 F = Levels seen in this place.
 G = Mean time per level.
                   A        B        C        D        E       F      G
               +--------+--------+--------+--------+--------+-----+--------+
         Total |    198 |    198 |      0 |      0 |    166 |   1 |  198.0 |
       Dungeon |    198 |    198 |      0 |      0 |    166 |   1 |  198.0 |
               +--------+--------+--------+--------+--------+-----+--------+

Top non-repeatable levels by time:
     D:1: 198 daAuts
